[Event "Titled Tuesday Blitz May 24 Early 2022"]
[White "Provaznik, Michal"]
[Black "Valle Maytin, Luis Enrique"]
[WhiteFideId "315273"]
[BlackFideId "3503666"]
[WhiteElo "2176"]
[BlackElo "2216"]
[Result "1-0"]
[Round "08"]
[TimeControl "180+1"]
[Date "2022.05.25"]
[WhiteClock "0:00:31"]
[BlackClock "0:00:12"]

1. b3 Nf6 2. Bb2 g6 3. g4 Bg7 4. g5 Nh5 5. Bxg7 Nxg7 6. Qc1 O-O 7. Qb2 d5 8. Nf3 c5 9. d3 Nc6 10. Nbd2 a6 11. h4 Bg4 12. O-O-O Qc7 13. Bh3 Bh5 14. Kb1 e5 15. c4 d4 16. Ne4 Ne7 17. Nf6+ Kh8 18. Rde1 Bxf3 19. exf3 Ne8 20. Qd2 Nxf6 21. gxf6 Ng8 22. Qg5 Rae8 23. h5 Qd6 24. f4 exf4 25. Rxe8 Rxe8 26. hxg6 Qxf6 27. Bd7 fxg6 28. Qxf6+ Nxf6 29. Bxe8 Nxe8 30. Re1 Nf6 31. Re7 Ng4 32. f3 Ne3 33. Rxb7 h5 34. Rc7 h4 35. Rxc5 Nf5 36. Rc8+ Kh7 37. Re8 Ng3 38. c5 h3 39. c6 Nf5 40. Re1 Nd6 41. Rh1 Kg7 42. Rxh3 Kf6 43. c7 Ke6 44. Rh7 Kd5 45. Rh8 g5 46. c8=Q Nxc8 47. Rxc8 g4 48. fxg4 Ke5 49. Rf8 1-0


[Site "https://www.chess.com"]

[Event "Titled Tuesday Blitz May 24 Early 2022"]
[White "Przybylski, Wojciech"]
[Black "Wagner, Dennis"]
[WhiteFideId "1117599"]
[BlackFideId "24650684"]
[WhiteElo "2133"]
[BlackElo "2355"]
[Result "0-1"]
[Round "08"]
[TimeControl "180+1"]
[Date "2022.05.25"]
[WhiteClock "0:00:02"]
[BlackClock "0:00:15"]

1. e4 c5 2. Nf3 d6 3. d4 cxd4 4. Nxd4 Nf6 5. Nc3 a6 6. Be3 e5 7. Nb3 Be7 8. Be2 Be6 9. O-O O-O 10. f3 Nbd7 11. Nd5 Bxd5 12. exd5 Rc8 13. c4 g6 14. f4 a5 15. f5 Ne8 16. Nd2 Bg5 17. Qb3 Nc5 18. Qa3 Bxe3+ 19. Qxe3 f6 20. Bg4 Rc7 21. Rf3 Ng7 22. h4 gxf5 23. Bxf5 Nxf5 24. Rxf5 Rg7 25. Raf1 Qe7 26. Qf3 e4 27. Qe3 Rg4 28. R1f4 Rxf4 29. Rxf4 f5 30. g4 Qe5 31. Qg3 Kh8 32. Nf1 Nd3 33. Rxf5 Rxf5 34. gxf5 Qxf5 35. Ne3 Qg6 36. Qxg6 hxg6 37. Nd1 Kg7 38. Kf1 Kf6 39. Ke2 Ke5 40. Ke3 a4 41. b3 a3 42. Nc3 Nb4 43. Nb5 Nxa2 44. Nxa3 Nb4 45. Nb5 Nc2+ 46. Kd2 Nd4 47. b4 Nxb5 48. cxb5 Kxd5 49. Ke3 Ke5 50. b6 d5 51. b5 d4+ 52. Ke2 e3 53. Kd3 Kd5 54. Ke2 Ke4 55. Ke1 d3 56. Kd1 d2 57. Ke2 Kd4 0-1


[Site "https://www.chess.com"]

[Event "Titled Tuesday Blitz May 24 Early 2022"]
[White "Rahman, Adel"]
[Black "Politov, Pavel Y."]
[WhiteFideId "14204177"]
[BlackFideId "24110515"]
[WhiteElo "2175"]
[BlackElo "2090"]
[Result "1-0"]
[Round "08"]
[TimeControl "180+1"]
[Date "2022.05.25"]
[WhiteClock "0:00:15"]
[BlackClock "0:00:06"]

1. e4 c5 2. Nf3 d6 3. d4 cxd4 4. Nxd4 Nf6 5. Nc3 a6 6. Bg5 e6 7. f4 h6 8. Bh4 Qb6 9. a3 Nc6 10. Bf2 Qc7 11. Nxc6 bxc6 12. Bd3 d5 13. e5 Nd7 14. Qh5 c5 15. O-O c4 16. Bg6 Nc5 17. f5 fxg6 18. Qxg6+ Qf7 19. Qg3 exf5 20. e6 Bxe6 21. Rae1 Ne4 22. Nxe4 dxe4 23. Bd4 Rd8 24. Rxe4 fxe4 25. Rxf7 Kxf7 26. c3 Kg8 27. Qf4 Be7 28. Qxe4 Rd6 29. Qe5 Kh7 30. Qxg7# 1-0


[Site "https://www.chess.com"]

[Event "Titled Tuesday Blitz May 24 Early 2022"]
[White "Ramirez Vido, Robert Yorisan"]
[Black "Yang, Kaiqi"]
[WhiteFideId "3513823"]
[BlackFideId "8604398"]
[WhiteElo "2364"]
[BlackElo "2373"]
[Result "0-1"]
[Round "08"]
[TimeControl "180+1"]
[Date "2022.05.25"]
[WhiteClock "0:00:12"]
[BlackClock "0:01:14"]

1. g3 g6 2. Bg2 Bg7 3. d4 d5 4. Nf3 Nf6 5. O-O O-O 6. Nbd2 Nbd7 7. b3 b6 8. Bb2 Bb7 9. e3 e6 10. c4 c5 11. dxc5 Nxc5 12. cxd5 Bxd5 13. Qe2 Qe7 14. Rac1 Rac8 15. Rfd1 Rfd8 16. Nc4 Qb7 17. Be5 Qe7 18. Nd4 Bxg2 19. Kxg2 Rd5 20. Nb5 Rcd8 21. Bd6 Qb7 22. Kg1 Nfe4 23. Rxd5 exd5 24. Bxc5 bxc5 25. Na5 Qa6 26. f3 Nd6 27. Nxd6 Qxe2 0-1


[Site "https://www.chess.com"]

[Event "Titled Tuesday Blitz May 24 Early 2022"]
[White "Rios Escobar, Adan"]
[Black "Stepanencu, Nicodim-Cosmin"]
[WhiteFideId "3403645"]
[BlackFideId "1256220"]
[WhiteElo "2402"]
[BlackElo "1945"]
[Result "1-0"]
[Round "08"]
[TimeControl "180+1"]
[Date "2022.05.25"]
[WhiteClock "0:00:03"]
[BlackClock "0:00:01"]

1. d4 g6 2. g3 Bg7 3. a4 d6 4. Bg2 Nc6 5. d5 Nb8 6. e4 c6 7. Ne2 e5 8. O-O Ne7 9. Nbc3 O-O 10. Be3 Nd7 11. dxc6 Nxc6 12. Qxd6 Re8 13. Rfd1 Bf8 14. Qd2 Bb4 15. Bh3 Re7 16. Qd3 Re6 17. Bxe6 fxe6 18. Nb5 Qe7 19. Qb3 Nc5 20. Qc4 Nd7 21. Nc7 Rb8 22. Qxe6+ Qxe6 23. Nxe6 Nf6 24. Nc5 b6 25. Nd3 Bf8 26. f3 Ba6 27. Nc3 Rc8 28. Nb5 Kf7 29. c3 Ke6 30. Kf2 Bb7 31. Ke2 a6 32. Na3 Na5 33. Bxb6 Nb3 34. Rab1 Bc6 35. a5 Ba4 36. Rf1 Nd7 37. Be3 Nxa5 38. f4 exf4 39. Nxf4+ Kf7 40. Nd5+ Kg8 41. Bd4 Nb3 42. Rf2 Nxd4+ 43. cxd4 Bb3 44. Rbf1 Bd6 45. Nf6+ Nxf6 46. Rxf6 Bb4 47. e5 a5 48. Ke3 Rd8 49. Ke4 Be7 50. Ra6 Bd5+ 51. Ke3 Bb4 52. Ra7 Be6 53. Nb5 Bc4 54. Nd6 Bxf1 55. Nf7 Rf8 56. Nh6+ Kh8 57. Ng4 Bh3 58. Nf6 Rd8 59. Rxh7# 1-0


[Site "https://www.chess.com"]

[Event "Titled Tuesday Blitz May 24 Early 2022"]
[White "Rodchenkov, Sergey D."]
[Black "De Souza, Cristiano Gomes"]
[WhiteFideId "4168712"]
[BlackFideId "2151758"]
[WhiteElo "2306"]
[BlackElo "2068"]
[Result "1-0"]
[Round "08"]
[TimeControl "180+1"]
[Date "2022.05.25"]
[WhiteClock "0:01:38"]
[BlackClock "0:01:16"]

1. e4 c5 2. Nf3 d6 3. d4 cxd4 4. Nxd4 Nf6 5. Nc3 g6 6. Be3 Bg7 7. f3 O-O 8. Qd2 Nc6 9. O-O-O d5 10. exd5 Nxd5 11. Nxc6 bxc6 12. Bd4 e5 13. Bc5 Be6 14. Ne4 Re8 15. h4 h6 16. h5 g5 17. Bc4 f5 18. Nc3 Rc8 19. Nxd5 cxd5 20. Bxd5 Bxd5 21. Qxd5+ Qxd5 22. Rxd5 e4 23. Re1 exf3 24. Rxe8+ Rxe8 25. gxf3 Re1+ 26. Kd2 Rh1 27. b4 Rxh5 28. b5 Rh2+ 29. Kd3 g4 30. Bxa7 g3 31. b6 g2 32. b7 1-0


[Site "https://www.chess.com"]

[Event "Titled Tuesday Blitz May 24 Early 2022"]
[White "Roman, Rodrigo"]
[Black "Sankalan Shah"]
[WhiteFideId "3701220"]
[BlackFideId "25600362"]
[WhiteElo "2001"]
[BlackElo "1648"]
[Result "1/2-1/2"]
[Round "08"]
[TimeControl "180+1"]
[Date "2022.05.25"]
[WhiteClock "0:00:04"]
[BlackClock "0:00:18"]

1. e4 c5 2. Nf3 d6 3. Nc3 Nf6 4. Bc4 a6 5. a4 e6 6. O-O Nc6 7. e5 dxe5 8. Re1 Bd6 9. d3 O-O 10. Bg5 h6 11. Bh4 b6 12. Ne4 Be7 13. Bxf6 Bxf6 14. Nxf6+ Qxf6 15. c3 Bb7 16. Qe2 Qg6 17. Kh1 Rfd8 18. Rg1 Qf6 19. Rae1 Rd7 20. Nxe5 Nxe5 21. Qxe5 Qxf2 22. b4 cxb4 23. cxb4 Rad8 24. b5 a5 25. h3 Qh4 26. Kh2 Qd4 27. Qg3 Bd5 28. Rc1 Bxc4 29. dxc4 Rc8 30. Rgd1 Qxd1 31. Rxd1 Rxd1 32. Qf3 Rd4 33. Qb7 Rcxc4 34. Qxb6 Rxa4 35. Qb8+ Kh7 36. b6 Rdb4 37. b7 Ra2 38. Qe5 Rab2 39. Qxa5 Rxb7 40. Qe5 R2b5 41. Qe4+ g6 42. Qf4 Rd5 43. Qf6 Rbd7 44. h4 Rf5 45. Qc3 h5 46. Qc8 Rd2 47. Kh3 Rff2 48. Qf8 Rb2 49. Qe7 Kg7 50. Qd6 Rxg2 51. Qe5+ Kh7 52. Qg7+ Kxg7 1/2-1/2


[Site "https://www.chess.com"]

[Event "Titled Tuesday Blitz May 24 Early 2022"]
[White "Ronka, Erik"]
[Black "Fernandez Siles, Luis"]
[WhiteFideId "505080"]
[BlackFideId "2209420"]
[WhiteElo "2264"]
[BlackElo "2212"]
[Result "0-1"]
[Round "08"]
[TimeControl "180+1"]
[Date "2022.05.25"]
[WhiteClock "0:01:55"]
[BlackClock "0:01:27"]

1. e4 c5 2. Nf3 Nc6 3. d4 cxd4 4. Nxd4 Nf6 5. Nc3 e5 6. Ndb5 d6 7. Bg5 a6 8. Na3 b5 9. Bxf6 gxf6 10. Nd5 f5 11. Bd3 Be6 12. c3 Bg7 13. Nxb5 axb5 14. Bxb5 Bd7 15. exf5 O-O 16. O-O Rb8 17. a4 Kh8 18. Ne3 Qf6 19. Qd3 Rfc8 20. Rfd1 Bf8 21. Qe4 Be7 22. Nd5 Qh4 23. Rd3 Qxe4 0-1


[Site "https://www.chess.com"]

[Event "Titled Tuesday Blitz May 24 Early 2022"]
[White "Rustemov, Alexander"]
[Black "Barp, Alberto"]
[WhiteFideId "4119002"]
[BlackFideId "872555"]
[WhiteElo "2818"]
[BlackElo "2229"]
[Result "0-1"]
[Round "08"]
[TimeControl "180+1"]
[Date "2022.05.24"]
[WhiteClock "0:00:12"]
[BlackClock "0:00:13"]

1. d4 Nf6 2. c4 b6 3. Nc3 Bb7 4. f3 d5 5. cxd5 Nxd5 6. e4 Nxc3 7. bxc3 e6 8. Be3 Nd7 9. Bd3 Be7 10. Ne2 O-O 11. O-O c5 12. a4 a6 13. Rb1 Rc8 14. Qb3 Qc7 15. Qb2 Rfd8 16. Rfd1 e5 17. Rbc1 Bd6 18. h3 h6 19. Kh1 Nf6 20. Rb1 Nd7 21. Rdc1 Ra8 22. Bc4 Bc6 23. Qb3 Rf8 24. Bd5 Bxd5 25. Qxd5 Rac8 26. Qb3 Rfd8 27. Rb2 Rb8 28. Rcb1 Nf8 29. Qc4 cxd4 30. Qxc7 Bxc7 31. cxd4 exd4 32. Bxd4 Ne6 33. Bxb6 Bxb6 34. Rxb6 Rxb6 35. Rxb6 Rd1+ 36. Kh2 Rd2 37. Nc3 Nf4 38. Nd5 Nxg2 39. Kg3 Ne1 40. Rxa6 g5 41. Ra8+ Kg7 42. a5 Rg2# 0-1


[Site "https://www.chess.com"]

[Event "Titled Tuesday Blitz May 24 Early 2022"]
[White "Sadubayev, Airat"]
[Black "Pham, Le Thao Nguyen"]
[WhiteFideId "13713264"]
[BlackFideId "12401226"]
[WhiteElo "2234"]
[BlackElo "2271"]
[Result "1/2-1/2"]
[Round "08"]
[TimeControl "180+1"]
[Date "2022.05.25"]
[WhiteClock "0:00:08"]
[BlackClock "0:00:04"]

1. d4 d5 2. c4 c6 3. cxd5 cxd5 4. Nc3 Nf6 5. Bf4 Nc6 6. e3 a6 7. Rc1 e6 8. Nf3 Be7 9. h3 O-O 10. Bd3 Bd7 11. O-O Na5 12. Ne5 Rc8 13. Qe2 b5 14. Rc2 Nc4 15. Rfc1 Bc6 16. Nb1 Bb7 17. b3 Nxe5 18. Bxe5 Rxc2 19. Rxc2 Bd6 20. f4 Ne4 21. Bxe4 dxe4 22. Bxd6 Qxd6 23. Rc5 Rc8 24. Qc2 Rxc5 25. Qxc5 Qc6 26. Nc3 f5 27. Kf2 Kf7 28. Ke1 Qxc5 29. dxc5 b4 30. Ne2 e5 31. fxe5 Ke6 32. Nd4+ Kxe5 33. c6 Bc8 34. g3 g6 35. Kd2 Kd6 36. Kc2 Be6 37. Kb2 Bd5 38. a3 bxa3+ 39. Kxa3 Bxc6 40. Kb4 Bd7 41. h4 h6 42. Ka5 Bc8 43. Kb6 g5 44. hxg5 hxg5 45. b4 f4 46. gxf4 gxf4 47. exf4 Kd5 48. Nc2 Kc4 49. Kc7 Bh3 50. Kb6 Kc3 51. Ne3 Kxb4 52. Kxa6 Kc3 53. Kb6 Kd4 54. Nc2+ Kd3 55. Nb4+ Ke3 56. Nd5+ Kd4 57. Kc6 e3 58. Nxe3 Kxe3 59. f5 Bxf5 1/2-1/2


[Site "https://www.chess.com"]

[Event "Titled Tuesday Blitz May 24 Early 2022"]
[White "Sailer, Mike"]
[Black "Lauridsen, Jesper Morch"]
[WhiteFideId "2012901"]
[BlackFideId "1401890"]
[WhiteElo "2109"]
[BlackElo "2239"]
[Result "1/2-1/2"]
[Round "08"]
[TimeControl "180+1"]
[Date "2022.05.25"]
[WhiteClock "0:00:40"]
[BlackClock "0:00:42"]

1. d4 Nf6 2. Nf3 g6 3. Bf4 d6 4. e3 Bg7 5. h3 O-O 6. Bd3 c5 7. c3 Nc6 8. Nbd2 cxd4 9. exd4 e5 10. Bg5 exd4 11. cxd4 Re8+ 12. Be2 h6 13. Bh4 g5 14. Bg3 Qe7 15. Kf1 Bf5 16. Nc4 Rad8 17. Bd3 Bxd3+ 18. Qxd3 Ne4 19. Kg1 Nxg3 20. fxg3 Qe3+ 21. Qxe3 Rxe3 22. Kf2 Rd3 23. Rad1 Rxd1 24. Rxd1 b5 25. Ne3 Nb4 26. a3 Nc6 27. Nf5 Kf8 28. Rc1 Ne7 29. Nxg7 Kxg7 30. Rc7 Nc8 31. d5 a5 32. Nd4 Nb6 33. Nxb5 Nxd5 34. Rc6 Rb8 35. a4 Rb6 36. Rxd6 Rxd6 37. Nxd6 Kf6 38. Nc4 Nb4 39. Nxa5 Nd3+ 40. Ke3 Nxb2 41. Nb3 Nxa4 42. Nd4 Kg6 43. g4 Nc5 44. Nf5 Ne6 45. g3 h5 46. Ne7+ Kf6 47. Nd5+ Ke5 48. Ne7 h4 49. gxh4 gxh4 50. Nf5 Ng5 51. Nxh4 Nxh3 52. Nf3+ 1/2-1/2


[Site "https://www.chess.com"]

[Event "Titled Tuesday Blitz May 24 Early 2022"]
[White "Samadov, Read"]
[Black "Fromm, Marius"]
[WhiteFideId "13417444"]
[BlackFideId "12993190"]
[WhiteElo "2084"]
[BlackElo "2542"]
[Result "1-0"]
[Round "08"]
[TimeControl "180+1"]
[Date "2022.05.24"]
[WhiteClock "0:00:05"]
[BlackClock "0:00:04"]

1. d4 Nf6 2. c4 e6 3. Nf3 d5 4. g3 dxc4 5. Bg2 Be7 6. O-O O-O 7. Qc2 a6 8. a4 Bd7 9. Qxc4 Bc6 10. Bg5 Nbd7 11. Nc3 h6 12. Bxf6 Nxf6 13. Rfd1 Rc8 14. a5 Qd6 15. Ne1 Bxg2 16. Kxg2 Rfd8 17. Nc2 c5 18. dxc5 Qc6+ 19. Kg1 Rxd1+ 20. Rxd1 Qxc5 21. Qb3 Rc7 22. Qa4 Qc4 23. Rd4 Qxa4 24. Rxa4 Kf8 25. Ne3 Bc5 26. Rc4 Ke7 27. Kf1 Kd7 28. Nc2 Bd6 29. Rxc7+ Bxc7 30. b4 Be5 31. Na4 Kc6 32. e3 Nd5 33. Ke2 Bc3 34. Nxc3 Nxc3+ 35. Kd3 Nd5 36. Kc4 b5+ 37. Kd3 f5 38. f3 Kd6 39. e4 Ne7 40. Nd4 g6 41. Nb3 Nc6 42. Kc3 Ne5 43. f4 Nd7 44. e5+ Kd5 45. h4 g5 46. Kd3 gxf4 47. gxf4 h5 48. Nd4 Nb8 49. Ne2 Nd7 50. Nc3+ Kc6 51. Kd4 Nb8 52. Ne2 Kc7 53. Ng3 Nc6+ 54. Kc5 Ne7 55. Nxh5 Nd5 56. Nf6 Nxf4 57. h5 Kd8 58. h6 Ng6 59. h7 Ke7 60. Kb6 Kf7 61. Kxa6 Kg7 62. Kxb5 Nxe5 63. a6 1-0


[Site "https://www.chess.com"]

[Event "Titled Tuesday Blitz May 24 Early 2022"]
[White "Schekachikhin, Maksim"]
[Black "Gaehwiler, Gabriel"]
[WhiteFideId "24177830"]
[BlackFideId "1314530"]
[WhiteElo "2239"]
[BlackElo "2383"]
[Result "0-1"]
[Round "08"]
[TimeControl "180+1"]
[Date "2022.05.25"]
[WhiteClock "0:02:44"]
[BlackClock "0:02:46"]

1. Nf3 c5 2. g3 Nf6 3. Bg2 g6 4. O-O Bg7 5. b3 O-O 6. Bb2 b6 7. c4 Bb7 8. e3 d5 9. cxd5 Qxd5 10. Nc3 Qd8 11. Rc1 Nc6 12. Qe2 Nb4 13. d4 Ba6 14. Nb5 Nxa2 15. Ra1 Qe8 16. Rxa2 Bxb5 17. Qd2 Bxf1 18. Kxf1 Qb5+ 19. Kg1 Qxb3 20. Ra3 Qb4 0-1


[Site "https://www.chess.com"]

[Event "Titled Tuesday Blitz May 24 Early 2022"]
[White "Schut, Han"]
[Black "Maksimenko, Viktor"]
[WhiteFideId "1005561"]
[BlackFideId "13710478"]
[WhiteElo "2057"]
[BlackElo "2269"]
[Result "0-1"]
[Round "08"]
[TimeControl "180+1"]
[Date "2022.05.25"]
[WhiteClock "0:00:07"]
[BlackClock "0:01:33"]

1. e4 c6 2. d4 d5 3. e5 Bf5 4. Nf3 e6 5. Be2 c5 6. Be3 Qb6 7. Nc3 Nc6 8. O-O Qxb2 9. Qe1 cxd4 10. Bxd4 Nxd4 11. Nxd4 Bb4 12. Ndb5 Ba5 13. Rb1 Qxc2 14. Rc1 Qb2 15. Na4 Bxe1 16. Nxb2 Ba5 17. Nd6+ Kf8 18. Nxb7 Bb6 19. Na4 g5 20. Nd6 Bg6 21. Nxb6 axb6 22. Rc8+ Rxc8 23. Nxc8 Ne7 24. Nxb6 Nc6 25. a4 Ke7 26. Rc1 Nxe5 27. Rc7+ Kd6 28. Rc1 Rb8 29. a5 Nc6 30. h4 gxh4 31. Na4 Nxa5 32. Nc5 Nb3 33. Nxb3 Rxb3 34. Rc8 d4 0-1


[Site "https://www.chess.com"]

[Event "Titled Tuesday Blitz May 24 Early 2022"]
[White "Seo, Jung Min"]
[Black "Coto Mederos, Michel"]
[WhiteFideId "1734687"]
[BlackFideId "3508528"]
[WhiteElo "2401"]
[BlackElo "2427"]
[Result "1-0"]
[Round "08"]
[TimeControl "180+1"]
[Date "2022.05.24"]
[WhiteClock "0:01:52"]
[BlackClock "0:00:13"]

1. d4 d5 2. c4 e6 3. Nc3 Nf6 4. cxd5 exd5 5. Bg5 Be7 6. e3 c6 7. Bd3 Nbd7 8. Qc2 O-O 9. Nge2 Re8 10. O-O Nf8 11. Rae1 Ng6 12. f3 Bd6 13. Bxf6 Qxf6 14. e4 dxe4 15. fxe4 Qg5 16. e5 Bf8 17. Ne4 Qh6 18. N2g3 Be6 19. Bc4 Rad8 20. Nf5 Bxf5 21. Rxf5 Rd7 22. Ref1 Ree7 23. Ng5 Nh8 24. e6 Rc7 25. exf7+ Nxf7 26. Nxf7 Qe3+ 27. Kh1 1-0


[Site "https://www.chess.com"]

[Event "Titled Tuesday Blitz May 24 Early 2022"]
[White "Shimanov, Aleksandr"]
[Black "Bachmann, Axel"]
[WhiteFideId "4198603"]
[BlackFideId "3700488"]
[WhiteElo "2605"]
[BlackElo "2587"]
[Result "1-0"]
[Round "08"]
[TimeControl "180+1"]
[Date "2022.05.24"]
[WhiteClock "0:00:53"]
[BlackClock "0:00:32"]

1. b3 d5 2. Bb2 Bf5 3. d3 Nf6 4. Nd2 e6 5. g3 Bc5 6. e3 Qe7 7. a3 Nbd7 8. Ngf3 h6 9. Bg2 c6 10. O-O e5 11. e4 dxe4 12. dxe4 Bg4 13. h3 Bh5 14. Qe1 b5 15. b4 Bb6 16. c4 Qe6 17. c5 Bc7 18. Nh4 O-O 19. f4 exf4 20. gxf4 Rfe8 21. e5 Nd5 22. Qg3 f5 23. Nb3 Nxf4 24. Rxf4 Bxe5 25. Bxe5 Qxe5 26. Raf1 g5 27. Nxf5 Kh8 28. Rd4 Qxg3 29. Nxg3 Re3 30. Nxh5 1-0


[Site "https://www.chess.com"]

[Event "Titled Tuesday Blitz May 24 Early 2022"]
[White "Shipov, Sergei"]
[Black "Vidit, Santosh Gujrathi"]
[WhiteFideId "4113624"]
[BlackFideId "5029465"]
[WhiteElo "2802"]
[BlackElo "2654"]
[Result "0-1"]
[Round "08"]
[TimeControl "180+1"]
[Date "2022.05.24"]
[WhiteClock "0:01:09"]
[BlackClock "0:00:45"]

1. d4 Nf6 2. c4 e6 3. Nc3 d5 4. cxd5 exd5 5. Bg5 c6 6. Qc2 h6 7. Bh4 g6 8. f3 Bg7 9. O-O-O O-O 10. e4 dxe4 11. fxe4 Qa5 12. Nf3 Be6 13. Kb1 Na6 14. a3 b5 15. d5 cxd5 16. exd5 Bf5 17. Bd3 b4 18. Bxf5 bxc3 19. Be1 Nxd5 20. Be4 Rab8 21. Rxd5 Qxa3 0-1


[Site "https://www.chess.com"]

[Event "Titled Tuesday Blitz May 24 Early 2022"]
[White "Shtyka, Sergey"]
[Black "Skuhala, Barbara"]
[WhiteFideId "4138465"]
[BlackFideId "14605465"]
[WhiteElo "2014"]
[BlackElo "2155"]
[Result "1/2-1/2"]
[Round "08"]
[TimeControl "180+1"]
[Date "2022.05.25"]
[WhiteClock "0:00:04"]
[BlackClock "0:00:45"]

1. e4 c5 2. Nf3 d6 3. d4 cxd4 4. Nxd4 Nf6 5. Nc3 a6 6. Bc4 e6 7. O-O Be7 8. Be3 O-O 9. f4 Qc7 10. Bd3 Nc6 11. Qf3 Nxd4 12. Bxd4 b5 13. a3 Bb7 14. Rae1 Rac8 15. Qh3 e5 16. Be3 Rfd8 17. Kh1 Qd7 18. Qf3 Qg4 19. Qxg4 Nxg4 20. Bb6 Re8 21. h3 Nf6 22. f5 Bf8 23. Kg1 d5 24. exd5 Nxd5 25. Nxd5 Bxd5 26. c3 f6 27. Be4 Bxe4 28. Rxe4 Bc5+ 29. Bxc5 Rxc5 30. Rd1 Re7 31. Kf2 Kf7 32. g4 g6 33. Ke3 Rb7 34. Rd6 a5 35. Ra6 a4 36. Rd6 Kg7 37. Rb4 Kh6 38. Rxf6 Kg5 39. Rf8 Rd7 40. fxg6 hxg6 41. Rb8 Rdd5 42. Ke4 Kh4 43. Rh8+ Kg3 44. Rg8 Rd6 45. Rb8 Rdd5 46. Rh8 Rd1 47. Rg8 Rd6 48. Rh8 Rd1 49. Rh6 Rd6 50. g5 Re6 51. h4 Kg4 52. h5 Kxg5 53. Rxg6+ Rxg6 54. hxg6 Kxg6 55. c4 bxc4 56. Rxa4 Kf6 57. Ra6+ Ke7 58. Rb6 Kd7 59. a4 Kc7 60. Re6 c3 61. bxc3 Rxc3 62. Rxe5 Kb6 63. Kf5 Rc5 64. Rxc5 Kxc5 65. Ke4 Kb4 66. Ke5 Kxa4 1/2-1/2


[Site "https://www.chess.com"]

[Event "Titled Tuesday Blitz May 24 Early 2022"]
[White "Shuvalov, Evgenij"]
[Black "Polster, Christian"]
[WhiteFideId "4187237"]
[BlackFideId "12965081"]
[WhiteElo "2053"]
[BlackElo "2314"]
[Result "1-0"]
[Round "08"]
[TimeControl "180+1"]
[Date "2022.05.25"]
[WhiteClock "0:00:24"]
[BlackClock "0:00:01"]

1. Nf3 d5 2. c4 e6 3. g3 Nf6 4. Bg2 c6 5. b3 Bd6 6. Bb2 O-O 7. O-O Nbd7 8. e3 e5 9. d3 Qe7 10. Qe2 a5 11. Nc3 e4 12. dxe4 dxe4 13. Nd2 Nc5 14. Ba3 Bg4 15. Qe1 Nd3 16. Bxd6 Qxd6 17. Ndxe4 Nxe4 18. Nxe4 Qe5 19. Qc3 Rfd8 20. Qxe5 Nxe5 21. f3 Bf5 22. Nc5 b6 23. Na4 b5 24. cxb5 cxb5 25. Nc3 Rac8 26. Nxb5 Bd3 27. Nd4 Bxf1 28. Rxf1 Nc6 29. Nf5 g6 30. Nh6+ Kg7 31. Ng4 f5 32. Nf2 Rd2 33. a3 Ne5 34. f4 Nd3 35. Nxd3 Rxd3 36. b4 Rxa3 37. bxa5 Rxa5 38. e4 fxe4 39. Bxe4 Re8 40. Bf3 Ra2 41. Rf2 Rxf2 42. Kxf2 Re7 43. h4 Kf6 44. Bg4 h6 45. Bh3 Ra7 46. Bg4 Ra2+ 47. Kf3 Ra3+ 48. Kf2 Ke7 49. Bh3 Kd6 50. Bg4 Kd5 51. Bd7 Ke4 52. Bc6+ Kd4 53. Be8 Ra6 54. Kf3 Re6 55. Bd7 Re3+ 56. Kf2 Rc3 57. Be8 Rc2+ 58. Kf3 Rc3+ 59. Kf2 Rc2+ 60. Kf3 Rc3+ 61. Kg4 h5+ 62. Kh3 Rd3 63. Bxg6 Re3 64. Bxh5 1-0


[Site "https://www.chess.com"]

[Event "Titled Tuesday Blitz May 24 Early 2022"]
[White "Sismeiro, Miguel"]
[Black "Maghsoodloo, Parham"]
[WhiteFideId "1950975"]
[BlackFideId "12539929"]
[WhiteElo "2031"]
[BlackElo "2630"]
[Result "0-1"]
[Round "08"]
[TimeControl "180+1"]
[Date "2022.05.24"]
[WhiteClock "0:00:30"]
[BlackClock "0:02:34"]

1. Nf3 d5 2. e3 Nf6 3. c4 e6 4. b3 c5 5. Bb2 Nbd7 6. Be2 b6 7. cxd5 exd5 8. O-O Bb7 9. d4 Be7 10. Nc3 O-O 11. Rc1 Rc8 12. Re1 Re8 13. Bf1 a6 14. g3 c4 15. Bg2 b5 16. a3 Bd6 17. b4 Ne4 18. Nd2 f5 19. f3 Nxc3 20. Bxc3 Nb6 21. Nb1 Na4 22. Bd2 Nb2 23. Qc2 Nd3 24. Nc3 g6 25. e4 dxe4 26. fxe4 Bb8 27. d5 Ba7+ 28. Be3 Bxe3+ 29. Rxe3 Qb6 30. Qd2 Nxc1 31. Qxc1 fxe4 32. Kh1 Qd4 33. Nxe4 Bxd5 34. Nf6+ Qxf6 35. Bxd5+ Kg7 36. Rf3 Qe5 37. Rf7+ Kh8 38. Qh6 Qxd5+ 0-1


[Site "https://www.chess.com"]

[Event "Titled Tuesday Blitz May 24 Early 2022"]
[White "Sokolovsky, Yahli"]
[Black "Vovk, Orest"]
[WhiteFideId "2820242"]
[BlackFideId "14113490"]
[WhiteElo "1770"]
[BlackElo "2203"]
[Result "1-0"]
[Round "08"]
[TimeControl "180+1"]
[Date "2022.05.25"]
[WhiteClock "0:00:11"]
[BlackClock "0:00:07"]

1. b3 Nf6 2. Bb2 g6 3. d4 Bg7 4. Nf3 O-O 5. g3 c5 6. d5 d6 7. Bg2 Qa5+ 8. Qd2 Qxd2+ 9. Nfxd2 Ng4 10. Bxg7 Kxg7 11. c4 a6 12. a4 b6 13. Nc3 a5 14. h3 Nf6 15. O-O Na6 16. e4 Nc7 17. Rae1 Nd7 18. f4 f6 19. Nf3 Na6 20. Nb5 Rf7 21. h4 Nf8 22. e5 fxe5 23. fxe5 Nb4 24. exd6 exd6 25. Nxd6 Rfa7 26. Ng5 Bg4 27. Ne8+ Kg8 28. Nf6+ Kh8 29. Nxg4 Nd3 30. Re3 Nb4 31. d6 Rb8 32. Rf7 Rxf7 33. Nxf7+ Kg7 34. Ng5 Nc2 35. Re7+ Kh8 36. Nf7+ Kg7 37. Nfe5+ Kh8 38. Nf6 Nd4 39. Ned7 Nf5 40. Nxb8 Nxd6 41. Nbd7 Nf5 42. Rf7 Nxd7 43. Rxh7# 1-0


[Site "https://www.chess.com"]

[Event "Titled Tuesday Blitz May 24 Early 2022"]
[White "Soumya, Swaminathan"]
[Black "Johnson, Ben"]
[WhiteFideId "5016193"]
[BlackFideId "2010917"]
[WhiteElo "2115"]
[BlackElo "2198"]
[Result "0-1"]
[Round "08"]
[TimeControl "180+1"]
[Date "2022.05.25"]
[WhiteClock "0:00:01"]
[BlackClock "0:00:20"]

1. d4 Nf6 2. c4 e6 3. Nf3 d5 4. g3 dxc4 5. Bg2 c5 6. Qa4+ Bd7 7. Qxc4 b5 8. Qd3 c4 9. Qc2 Nc6 10. O-O Be7 11. a3 O-O 12. Rd1 Rc8 13. Nbd2 Bd6 14. e4 e5 15. dxe5 Nxe5 16. Nxe5 Bxe5 17. Nf3 Bc7 18. e5 Ng4 19. Bg5 Qe8 20. Qe4 Bb6 21. Be3 Nxe3 22. fxe3 Bc6 23. Qf4 f6 24. Qh4 Bxe3+ 25. Kh1 fxe5 26. Ng5 Bxg2+ 27. Kxg2 Qg6 28. Ne4 Bf4 0-1


[Site "https://www.chess.com"]

[Event "Titled Tuesday Blitz May 24 Early 2022"]
[White "Srihari L R"]
[Black "Bluebaum, Matthias"]
[WhiteFideId "46617116"]
[BlackFideId "24651516"]
[WhiteElo "2121"]
[BlackElo "2556"]
[Result "1-0"]
[Round "08"]
[TimeControl "180+1"]
[Date "2022.05.24"]
[WhiteClock "0:00:05"]
[BlackClock "0:00:06"]

1. d4 Nf6 2. c4 e6 3. Nf3 d5 4. Nc3 Bb4 5. Qa4+ Nc6 6. e3 O-O 7. Bd2 Qe8 8. Qc2 dxc4 9. Bxc4 e5 10. Nb5 Bxd2+ 11. Qxd2 Qe7 12. d5 e4 13. dxc6 exf3 14. gxf3 bxc6 15. Nd4 c5 16. Ne2 Bb7 17. e4 Nxe4 18. Qe3 Rae8 19. fxe4 Bxe4 20. Rg1 Qf6 21. Qc3 Qh6 22. Rg3 Bg6 23. h3 Re7 24. Qd2 Qh4 25. b3 Qf6 26. Qc3 Qf5 27. Rd1 Rfe8 28. Kf1 h5 29. Bd3 Qc8 30. Bxg6 fxg6 31. Nf4 Qf5 32. Nxg6 Rf7 33. Rg2 Kh7 34. Kg1 Re6 35. Nh4 Qe4 36. Qg3 Ref6 37. Rf1 Re6 38. f4 Qd4+ 39. Kh2 Re3 40. Nf3 Qe4 41. Ng5+ Kh6 42. Nxe4 Rxg3 43. Nxg3 h4 44. Ne4 Rxf4 45. Rxf4 1-0


[Site "https://www.chess.com"]